 Dungeon Crawl Stone Soup version 0.31.0-7-gf635a9b802 (webtiles) character file.

Game seed: 17615920807499434561

2037 Arcadio the Covert (level 9, -1/62 HPs)
             Began as an Octopode Brigand on Jan 23, 2024.
             Was a Believer of Lugonu.
             Slain by a raiju (9 damage)
             ... on level 7 of the Dungeon.
             The game lasted 00:09:36 (6270 turns).

Arcadio the Covert (Octopode Brigand)               Turns: 6270, Time: 00:09:37

Health: -1/62      AC:  1    Str: 17    XL:     9   Next: 24%
Magic:  0/9        EV: 16    Int: 19    God:    Lugonu [**....]
Gold:   344        SH:  0    Dex: 17    Spells: 6/8 levels left

rFire   . . .        h - +9 dagger of Burning Disembowelment {freeze, rC++}
rCold   + + .        (no shield)
rNeg    . . .        (helmet restricted)
rPois   .            f - amulet of guardian spirit
rElec   .            v - +6 ring of intelligence
rCorr   .            x - +6 ring of strength
SInv    .            y - +4 ring of slaying
Will    .....        (no ring)
Stlth   +++++        (no ring)
HPRegen 0.30/turn    (no ring)
MPRegen 0.11/turn    (no ring)
                     (no ring)

%: guardian spirit
@: no status effects
A: almost no armour, amphibious, 8 rings, camouflage 1, gelatinous body 1,
(nimble swimmer 1), tentacles
a: Renounce Religion, Depart the Abyss, Banish


You were on level 7 of the Dungeon.
You worshipped Lugonu.
Lugonu was pleased with you.
You visited 2 branches of the dungeon, and saw 8 of its levels.

You collected 344 gold pieces.

Inventory:

Hand Weapons
 a - a +2 dagger
 h - the +9 dagger of Burning Disembowelment (weapon) {freeze, rC++}
   (You found it on level 2 of the Dungeon)

   rC++:      It greatly protects you from cold.
 j - a +2 dagger of electrocution
 B - a +2 short sword of venom
Missiles
 b - 21 poisoned darts (quivered)
 c - 6 curare-tipped darts
 t - 2 atropa-tipped darts
 E - a throwing net
Jewellery
 f - an amulet of guardian spirit (around mantle)
 v - a +6 ring of intelligence (left tentacle)
 x - a +6 ring of strength (right tentacle)
 y - a +4 ring of slaying (on tentacle)
Wands
 o - a wand of mindburst (27)
 z - a wand of polymorph (7)
Scrolls
 d - a scroll of enchant weapon {unknown}
 i - 2 scrolls of noise {unknown}
 k - 2 scrolls of enchant armour {unknown}
 l - 2 scrolls of vulnerability
 m - a scroll of immolation {unknown}
 n - a scroll of amnesia {unknown}
 q - 3 scrolls of teleportation {unknown}
 r - 2 scrolls of identify
 A - a scroll of blinking {unknown}
 C - a scroll of butterflies {unknown}
 D - a scroll of fear {unknown}
 F - a scroll of poison {unknown}
Potions
 e - 2 potions of degeneration
 g - 3 potions of curing
 p - 2 potions of mutation
 s - a potion of lignification {unknown}
 u - a potion of ambrosia {unknown}
 w - a potion of cancellation {unknown}


   Skills:
 + Level 6.2 Fighting
 + Level 6.2 Short Blades
 - Level 2.0 Throwing
 + Level 5.9 Dodging
 + Level 9.9 Stealth


You had 6 spell levels left.
You knew the following spells:

 Your Spells              Type           Power      Damage    Failure   Level
a - Call Imp              Summ           0%         N/A       30%         2

Your spell library contained the following spells:

 Spells                   Type           Power      Damage    Failure   Level
 Slow                     Hex            0%         N/A       21%         1
 Sublimation of Blood     Necr           0%         N/A       30%         2
 Confusing Touch          Hex            0%         N/A       52%         3
 Fugue of the Fallen      Necr           0%         N/A       52%         3
 Ozocubu's Armour         Ice            0%         N/A       52%         3
 Sigil of Binding         Hex            0%         N/A       52%         3
 Vampiric Draining        Necr           0%         2d6       52%         3
 Brom's Barrelling Bould  Conj/Erth      0%         2d3       90%         4
 Manifold Assault         Tloc           0%         N/A       90%         4
 Petrify                  Alch/Erth      0%         N/A       90%         4
 Fireball                 Conj/Fire      0%         3d3       99%         5
 Irradiate                Conj/Alch      0%         3d11      99%         5
 Iskenderun's Battlesphe  Conj           0%         2d6       99%         5
 Conjure Ball Lightning   Conj/Air       0%         3x3d6     100%        6
 Orb of Destruction       Conj           0%         9d5       100%        7
 Summon Hydra             Summ           0%         N/A       100%        7


Dungeon Overview and Level Annotations

Branches:
Dungeon (7/15)             Temple (1/1) D:4

Altars:
Ashenzari
Cheibriados
Dithmenos
Elyvilon
Gozag
Hepliaklqana
Kikubaaqudgha
Makhleb
Nemelex Xobeh
Okawaru
Qazlal
Ru
Trog
Uskayaw
Vehumet
Wu Jian
Yredelemnul
Zin
Lugonu

Portals:
Abyss: D:3


Innate Abilities, Weirdness & Mutations

You cannot wear most types of armour.
You are amphibious.
You can wear up to eight rings at the same time.
Your skin changes colour to match your surroundings (Stealth+).
Your rubbery body absorbs attacks. (AC +1, EV +1)
((You are camouflaged when in or above water. (Stealth+)))
You have tentacles for arms and can constrict up to eight enemies at once.


Message History

The bolt of electricity hits you!
You hit the raiju. You freeze the raiju. You grab the raiju.
The raiju is severely wounded.
You constrict the raiju. The raiju bites you! The raiju shocks you!
You hit the raiju but do no damage.
The raiju is severely wounded.
You constrict the raiju.
The raiju bursts into living lightning!
The living lightning hits you!
* * * LOW HITPOINT WARNING * * *
The raiju blinks free!
An electric eel comes into view.
Okay, then.
You feel better.
An electric eel comes into view.
The raiju bursts into living lightning!
The living lightning misses you.
The raiju blinks!
The electric eel shoots out a bolt of lightning at you!
The bolt of electricity hits you!
* * * LOW HITPOINT WARNING * * *
You feel better.
The raiju bursts into living lightning!
The living lightning misses you.
The raiju blinks!
Casting: Call Imp (dangerous; 30% risk of failure)
Confirm with . or Enter, or press ? or * to list all spells.
A tiny devil pulls itself out of the air.
The raiju bites your cerulean imp but does no damage.
The raiju closely misses your cerulean imp.
Your cerulean imp closely misses the raiju.
The raiju bites your cerulean imp. The raiju shocks your cerulean imp.
Your cerulean imp resists.
Your cerulean imp barely misses the raiju.
The raiju closely misses your cerulean imp.
The electric eel shoots out a bolt of lightning at you!
The bolt of electricity hits you.
Your cerulean imp hits the raiju but does no damage.
You swap places.
The raiju bites you!
* * * LOW HITPOINT WARNING * * *
The raiju shocks you!
You die...

#### ###S≈###
#...S~~####
#.....S≈S≈≈
#.......S~.
#.#†......$
#.#~≈~.."..
#5###≈≈~..~
#@# ##~≈≈~
#h## ####
#..### ##...#
###.#
#.############
#............#
#######......#
#......#


You could see a raiju (ally target), an electric eel and a friendly cerulean imp
(summoned).

Vanquished Creatures
  A wraith (D:6)
  A steam dragon (D:7)
  2 black bears
  An ogre (D:6)
  2 centaurs
  A phantom (D:6)
  2 bullfrogs (D:6)
  A gnoll sergeant (D:7)
  2 scorpions
  An electric eel (D:7)
  An orc priest (D:7)
  2 jellies (D:6)
  2 bombardier beetles
  A gnoll bouda (D:7)
  5 iguanas
  A sleepcap (D:6)
  Natasha (thrice) (D:2)
  5 orc wizards
  16 gnolls
  9 adders
  2 ufetubi (D:6)
  A ribbon worm (D:2)
  3 dart slugs
  24 orcs
  5 ball pythons
  6 endoplasms
  6 goblins
  9 hobgoblins
  6 jackals
  2 quokkas
  7 bats
  7 frilled lizards
  8 kobolds
  10 rats
155 creatures vanquished.

Vanquished Creatures (others)
  2 lurking horrors (D:3)
2 creatures vanquished.

Grand Total: 157 creatures vanquished

Notes
Turn   | Place    | Note
-------+----------+-------------------------------------------
     0 | D:1      | Arcadio the Octopode Brigand began the quest for the Orb.
     0 | D:1      | Reached XP level 1. HP: 14/14 MP: 1/1
   125 | D:1      | Reached XP level 2. HP: 19/19 MP: 2/2
   532 | D:1      | Reached XP level 3. HP: 25/25 MP: 3/3
   676 | D:2      | Noticed a black bear
   678 | D:2      | Killed a black bear
   679 | D:2      | Reached skill level 6 in Stealth
   679 | D:2      | Reached XP level 4. HP: 31/31 MP: 4/4
   735 | D:2      | Reached XP level 5. HP: 15/36 MP: 5/5
  1053 | D:2      | Noticed Natasha
  1106 | D:2      | Killed Natasha
  1118 | D:2      | Identified the +9 dagger of Burning Disembowelment {freeze,
                  | rC++}
  1148 | D:2      | Noticed Natasha
  1153 | D:2      | Killed Natasha
  1164 | D:2      | Noticed Natasha
  1209 | D:2      | Reached XP level 6. HP: 33/42 MP: 6/6
  1537 | D:2      | Killed Natasha
  1859 | D:3      | Found a corrupted altar of Lugonu.
  1872 | D:3      | Found a one-way gate to the infinite horrors of the Abyss.
  1884 | D:3      | Reached skill level 7 in Stealth
  1890 | D:3      | Became a worshipper of Lugonu the Unformed
  2591 | D:4      | Noticed a black bear
  2595 | D:4      | Reached * piety under Lugonu
  2599 | D:4      | Reached XP level 7. HP: 47/47 MP: 7/7
  2696 | D:4      | Found a staircase to the Ecumenical Temple.
  2704 | Temple   | Entered the Ecumenical Temple
  3244 | D:5      | Entered Level 5 of the Dungeon
  4272 | D:5      | Reached skill level 8 in Stealth
  4471 | D:5      | Learned a level 2 spell: Call Imp
  4515 | D:6      | Reached XP level 8. HP: 52/54 MP: 8/8
  4568 | D:6      | Reached skill level 5 in Fighting
  4568 | D:6      | Reached skill level 5 in Short Blades
  4804 | D:6      | Noticed a wraith
  4886 | D:6      | Killed a wraith
  4887 | D:6      | Reached skill level 5 in Dodging
  5156 | D:6      | Reached skill level 9 in Stealth
  5840 | D:7      | Reached ** piety under Lugonu
  5841 | D:7      | Reached XP level 9. HP: 58/62 MP: 9/9
  6270 | D:7      | Slain by a raiju

Illustrated notes

Levels and vault maps discovered:
D:1:      dpeg_arrival_tiny_a, layout_basic
D:2:      layout_rooms, serial_rivers, chequers_serial_rivers_micro_e,
          chequers_serial_rivers_room_a, chequers_serial_rivers_small_a,
          chequers_serial_rivers_marsh, chequers_serial_rivers_large_a,
          minmay_misc_feat_nine_boxes, uniq_natasha
D:3:      layout_basic, amcnicky_altar_lugonu_corruption
D:4:      layout_loops_ring, minmay_temple_entry_junction, dk_rats_in_the_wall
D:5:      layout_basic, minmay_misc_feat_encased, kennysheep_generic_room_6
D:6:      layout_loops_corners, minmay_fractal_squares_gapless_5
D:7:      layout_rooms, led_sif_book, nicolae_have_a_lightning_rod
Temple:   regret_index_temple_mists

Skill      XL: |  1  2  3  4  5  6  7  8  9 |
---------------+----------------------------+-----
Fighting       | 3 4 5 6 |  6.2
Dodging        | 2 3 4 5 |  5.9
Stealth        | 6 7 8 9 |  9.9
Short Blades   | 3 4 5 6 |  6.2
Throwing       | |  2.0

Action                     |  1- 3 |  4- 6 |  7- 9 || total
---------------------------+-------+-------+-------++-------
  Melee: Dagger            |    31 |   125 |   134 ||   290
         Constrict         |     3 |    28 |    26 ||    57
         Tentacles         |     2 |    16 |    24 ||    42
         Punch             |       |     2 |       ||     2
   Cast: Call Imp          |       |       |     1 ||     1
    Use: Potion            |       |       |     4 ||     4
         Scroll            |       |       |     2 ||     2
   Stab: Sleeping          |    16 |    16 |    20 ||    52
 Armour: Skin              |     2 |    51 |    65 ||   118
  Dodge: Dodged            |     9 |    58 |    80 ||   147
